 Dungeon Crawl Stone Soup version 0.21-a0-426-g98080a9 (webtiles) character file.

7 Snakeypoo the Grave Robber (level 1, -1/13 HPs)
             Began as a Vampire Necromancer on Nov 5, 2017.
             Slain by a leopard gecko (2 damage)
             ... on level 1 of the Dungeon.
             The game lasted 00:07:20 (367 turns).

Snakeypoo the Grave Robber (Vampire Necromancer)     Turns: 367, Time: 00:07:21

Health: -1/13      AC:  2    Str:  7    XL:     1   Next: 83%
Magic:  0/3        EV: 12    Int: 17    God:
Gold:   0          SH:  0    Dex: 14    Spells: 2/4 levels left

rFire    . . .     SeeInvis +   (no weapon)
rCold    . . .     Gourm    .   (no shield)
rNeg     + . .     Faith    .   a - +0 robe
rPois    .         Spirit   .   (no helmet)
rElec    .         Reflect  .   (no cloak)
rCorr    .         Harm     .   (no gloves)
MR       .....                  (no boots)
Stlth    ++........             (no amulet)
HPRegen  0.04/turn              (no ring)
MPRegen  0.08/turn              (no ring)

@: no status effects
A: fangs 3, see invisible, unbreathing
a: no special abilities


You were on level 1 of the Dungeon.
You were not thirsty.

You visited 1 branch of the dungeon, and saw 1 of its levels.

Inventory:

Armour
 a - a +0 robe (worn)
Potions
 c - 3 potions of blood
Books
 b - a book of Necromancy

   Spells                             Type                      Level
   a - Pain                           Necromancy                   1
   b - Animate Skeleton               Necromancy                   1
   c - Vampiric Draining              Necromancy                   3
   d - Regeneration                   Charms/Necromancy            3
   e - Animate Dead                   Necromancy                   4
   f - Control Undead                 Necromancy                   4


   Skills:
 + Level 2.1 Dodging
 + Level 3.4 Stealth
 + Level 0.2 Unarmed Combat
 + Level 2.0 Spellcasting
 + Level 4.6 Necromancy


You had 2 spell levels left.
You knew the following spells:

 Your Spells              Type           Power        Failure   Level  Hunger
a - Pain                  Necr           ###.         3%          1    #......
b - Animate Skeleton      Necr           N/A          3%          1    #......


Dungeon Overview and Level Annotations

Branches:
Dungeon (1/15)

Altars:


Innate Abilities, Weirdness & Mutations

You have razor-sharp teeth.
You have supernaturally acute eyesight. (SInv)
You can survive without breathing.


Message History

The ball python bites you but does no damage.
The ball python misses you. The leopard gecko misses you.
The ball python closely misses you. The ball python barely misses you.
You barely miss the leopard gecko.
The leopard gecko is almost dead.
The leopard gecko bites you.
* * * LOW HITPOINT WARNING * * *
The ball python misses you. The ball python closely misses you.
You barely miss the leopard gecko.
The leopard gecko is almost dead.
The leopard gecko closely misses you. The ball python bites you.
* * * LOW HITPOINT WARNING * * *
The ball python barely misses you.
Casting: Pain
Confirm with . or Enter, or press ? or * to list all spells.
Aiming: Pain
Press: ? - help, Shift-Dir - straight line, f - leopard gecko
Aim: a leopard gecko (almost dead, clinging, chance to defeat MR: 87%)
The leopard gecko barely resists.
The leopard gecko bites you.
You die...

##..<.# .# #.....####
...♣#.# #..)..#.>###..♣#.#
##'#####....##.♣#.#
.......#.....#..#.#
...8.8.#####.#....#
.8.....#...#.#....#
....⌠.8#...#.'.(..#
.8.....#...#.#%.@l#####...
...8.8.##'##.#(.#S......#
.......#.....#.♣#.......#
#####+##...)##.♣#.†.....#
#..###♣.♣#[......# ♣
####♣♣♣..#.......# ♣
♣...##.......# ♣♣
♣♣...#........+ .♣#
#♣♣♣...##.#......#


You could see a leopard gecko and a ball python.

Vanquished Creatures
  A dart slug (D:1)
  A goblin (D:1)
  2 frilled lizards (D:1)
  A kobold (D:1)
5 creatures vanquished.

Vanquished Creatures (collateral kills)
  A rat (D:1)
1 creature vanquished.

Grand Total: 6 creatures vanquished

Notes
Turn   | Place    | Note
-------+----------+-------------------------------------------
     0 | D:1      | Snakeypoo the Vampire Necromancer began the quest for the Orb.
     0 | D:1      | Reached XP level 1. HP: 13/13 MP: 3/3
    29 | D:1      | Learned a level 1 spell: Animate Skeleton
   367 | D:1      | Slain by a leopard gecko

Vault maps used:
D:1:      sevenhm_arrival_forest_fort_large_3

Action                   || total
-------------------------++-------
Melee: Unarmed           ||    26
       Bite              ||     2
 Cast: Pain              ||     5
       Animate Skeleton  ||     1
Armor: Robe              ||     3
Dodge: Dodged            ||    24

Table legend:
 A = Spawn XP
 B = Non-spawn XP
 C = Spawn XP percentage of total XP
 D = Spawn monster count
 E = Non-spawn monster count
 F = Spawn count percentage of total count
 G = Total turns spent on level
                    A         B        C        D         E        F      G
               +---------+---------+-------+---------+---------+-------+---------
         Total |       0 |      10 |   0.0 |       0 |       6 |   0.0 |   367
               +---------+---------+-------+---------+---------+-------+---------
           D:1 |       0 |      10 |   0.0 |       0 |       6 |   0.0 |   367
               +---------+---------+-------+---------+---------+-------+---------
